 Dungeon Sprint DCSS version 0.26-a0-664-gc8b27b8fc1 (webtiles) character file.

Game seed: 16190708448461026129

47 Conn the Magician (level 3, -8/21 HPs)
             Began as an Octopode Hedge Wizard on Oct 13, 2020.
             Splashed by an oklob sapling's acid (18 damage)
             ... in the Dungeon (Sprint IV: "Fedhas' Mad Dash").
             The game lasted 00:02:32 (328 turns).

Conn the Magician (Octopode Hedge Wizard)            Turns: 328, Time: 00:02:33

Health: -8/21      AC:  1    Str:  9    XL:     3   Next: 70%
Magic:  8/10       EV: 14    Int: 17    God:
Gold:   47         SH:  0    Dex: 11    Spells: 9/14 levels left

rFire    . . .     SeeInvis .   a - +0 dagger
rCold    . . .     Faith    .   (no shield)
rNeg     . . .     Spirit   .   b - +0 hat
rPois    .         Reflect  .   c - amulet of invisibility {+Inv}
rElec    .         Harm     .   (no ring)
rCorr    .         Rampage  .   (no ring)
MR       .....     NoTele   +   (no ring)
Stlth    +++.......             (no ring)
HPRegen  0.07/turn              (no ring)
MPRegen  0.12/turn              (no ring)
                                (no ring)
                                (no ring)

@: very slightly contaminated
A: almost no armour, stealthy swim, amphibious, 8 rings, constrict 8, camouflage
1, gelatinous body 1
a: Evoke Invisibility


You were in the Dungeon.
You visited 1 branch You collected 47 gold pieces.

Inventory:

Hand Weapons
 a - a +0 dagger (weapon)
Armour
 b - a +0 hat (worn)
Jewellery
 c - the amulet of invisibility (around mantle) {+Inv}
   (You found it in the Dungeon)

   [amulet of nothing]

   It lets you turn invisible.
Scrolls
 i - a scroll of blinking
Potions
 e - a potion of heal wounds
 f - a potion of haste
 g - 2 potions of magic


   Skills:
 + Level 3.0 Dodging
 + Level 4.0 Stealth
 + Level 6.3 Spellcasting
 + Level 1.2 Conjurations
 + Level 1.1 Summonings
 + Level 1.0 Translocations
 + Level 0.5 Evocations


You had 9 spell levels left.
You knew the following spells:

 Your Spells              Type           Power        Failure   Level
a - Magic Dart            Conj           #...         8%          1
b - Blink                 Tloc           N/A          12%         2
c - Call Imp              Summ           #.......     12%         2

Your spell library contained the following spells:

 Spells                   Type           Power        Failure   Level
 Slow                     Hex            #.......     19%         2
 Conjure Flame            Conj/Fire      #.......     28%         3
 Mephitic Cloud           Conj/Pois/Air  #.......     32%         3


Dungeon Overview and Level Annotations

Branches:
Dungeon (1/1)

Altars:

Annotations:
D exclusion: oklob sapling


Innate Abilities, Weirdness & Mutations

You cannot wear most types of armour.
You are very stealthy in the water. (Stealth+)
You are amphibious.
You can wear up to eight rings at the same time.
You can use your tentacles to constrict eight enemies at once.
Your skin changes colour to match your surroundings (Stealth+).
Your rubbery body absorbs attacks. (AC +1, EV +1)


Message History

You feel clever.
You now have 47 gold pieces (gained 7).
You flicker for a moment.
You open the door.
There is an open door here.
You strike the helpless oklob sapling from behind!
You hit the oklob sapling. You grab the oklob sapling.
The oklob sapling is severely damaged.
You constrict the oklob sapling, but do no damage.
You hit the oklob sapling but do no damage.
You squeeze the oklob sapling, but do no damage.
The oklob sapling is severely damaged.
You flicker back into view.
You constrict the oklob sapling. The oklob sapling spits acid at you.
The splash of acid hits you!
Ouch! That really hurt!
You are splashed with acid!!
Ouch! That really hurt!
You die...

##################
#<..P#.....#.....#
#PP..รท.)...'.#.[.+
#PPPP#.....#.#...#
###############'##
+.@.# #$P$# #####


You could see an oklob sapling.

Vanquished Creatures
  An oklob sapling (D)
  A river rat (D)
  A rat (D)
3 creatures vanquished.

Vanquished Creatures (collateral kills)
  A worker ant (D)
1 creature vanquished.

Grand Total: 4 creatures vanquished

Notes
Turn   | Place    | Note
-------+----------+-------------------------------------------
     0 | D        | Conn the Octopode Hedge Wizard began the quest for the Orb.
     0 | D        | Reached XP level 1. HP: 11/11 MP: 4/4
    15 | D        | Reached skill level 4 in Spellcasting
    15 | D        | Reached XP level 2. HP: 14/17 MP: 0/7
   149 | D        | Learned a level 2 spell: Blink
   152 | D        | Learned a level 2 spell: Call Imp
   154 | D        | Noticed an oklob sapling
   158 | D        | Found the amulet of invisibility {+Inv}
   164 | D        | Reached skill level 5 in Spellcasting
   306 | D        | Noticed an oklob sapling
   319 | D        | Killed an oklob sapling
   319 | D        | Reached skill level 6 in Spellcasting
   319 | D        | Reached XP level 3. HP: 21/21 MP: 6/10
   328 | D        | Splashed by an oklob sapling's acid

Illustrated notes

Levels and vault maps discovered:
D:        dungeon_sprint_fedhas [sprint_temple]

Skill      XL: |  1  2 |
---------------+-------+-----
Stealth        | 3 4 |  4.0
Spellcasting   | 4 6 |  6.3
Dodging        | 3 |  3.0
Conjurations   | |  1.2
Summonings     | |  1.1
Translocations | |  1.0
Evocations     | |  0.5

Action                   || total
-------------------------++-------
Melee: Dagger            ||    10
       Constrict         ||     4
       Tentacles         ||     3
 Cast: Magic Dart        ||     2
       Call Imp          ||     1
 Abil: Evoke Invisibilit ||     1
  Use: Potion            ||     2
 Stab: Invisible         ||     2
Dodge: Dodged            ||     4

Table legend: (Time is in decaauts)
 A = Elapsed time spent in this place.
 B = Non-inter-level travel time spent in this place.
 C = Inter-level travel time spent in this place.
 D = Time resting spent in this place.
 E = Time spent auto-exploring this place.
 F = Levels seen in this place.
 G = Mean time per level.
                   A        B        C        D        E       F      G
               +--------+--------+--------+--------+--------+-----+--------+
         Total |    337 |    337 |      0 |    260 |      0 |   1 |  337.0 |
       Dungeon |    337 |    337 |      0 |    260 |      0 |   1 |  337.0 |
               +--------+--------+--------+--------+--------+-----+--------+

Top non-repeatable levels by time:
       D: 337 daAuts
